 Dungeon Crawl Stone Soup version 0.26-a0-667-g92642533e4 (webtiles) character file.

Game seed: 8462819023784214891

239 somkeydreadnuts the Bolt Thrower (level 5, -6/45 HPs)
             Began as a Deep Dwarf Hunter on Oct 17, 2020.
             Was a Follower of Dithmenos.
             Mangled by an ogre
             ... wielding a +0 giant club
              (16 damage)
             ... on level 4 of the Dungeon.
             The game lasted 00:13:32 (3007 turns).

somkeydreadnuts the Bolt Thrower (DDHu)             Turns: 3007, Time: 00:13:33

Health: -6/45      AC:  8    Str: 16    XL:     5   Next: 79%
Magic:  4/4        EV: 12    Int: 11    God:    Dithmenos [*.....]
Gold:   209        SH:  0    Dex: 14    Spells: 4/4 levels left

rFire    . . .     SeeInvis .   u - +0 falchion
rCold    . . .     Faith    .   (no shield)
rNeg     . . .     Spirit   .   p - +0 chain mail
rPois    .         Reflect  .   (no helmet)
rElec    .         Harm     .   (no cloak)
rCorr    .         Rampage  .   (no gloves)
MR       .....                  (no boots)
Stlth    ..........             (no amulet)
HPRegen  0.00/turn              g - +4 ring of evasion
MPRegen  0.09/turn              (no ring)

@: non-regenerating, wreathed by umbra
A: damage resistance, heal wounds, sense surroundings 1, no regeneration
a: Heal Wounds, Renounce Religion


You were on level 4 of the Dungeon.
You worshipped Dithmenos.
Dithmenos was aware of your devotion.
You visited 1 branch of the dungeon, and saw 4 of its levels.

You collected 209 gold pieces.

Inventory:

Hand Weapons
 a - a +1 hand crossbow
 b - a +0 short sword
 s - a +0 hunting sling
 u - a +0 falchion (weapon)
Missiles
 d - 56 bolts
 e - 10 boomerangs (quivered)
 f - 28 poisoned darts
 r - 98 stones
 t - 22 arrows
Armour
 c - a +0 leather armour
 p - a +0 chain mail (worn)
Jewellery
 g - a +4 ring of evasion (left hand)
 q - an uncursed ring of magical power {unknown}
 y - a cursed amulet of inaccuracy {unknown}
Wands
 v - a wand of digging (3)
Scrolls
 j - 3 scrolls of identify {unknown}
 l - 2 scrolls of teleportation {unknown}
 m - 2 scrolls of fear {unknown}
 w - a scroll of remove curse {unknown}
 x - a scroll of enchant armour {unknown}
Potions
 h - a potion of ambrosia {unknown}
 i - 3 potions of lignification {unknown}
 k - 2 potions of curing {unknown}
 n - a potion of stabbing {unknown}
 o - a potion of mutation {unknown}
 z - a potion of berserk rage {unknown}
 A - a potion of heal wounds {unknown}


   Skills:
 - Level 1.8 Fighting
 - Level 1.2(1.3) Long Blades
 - Level 5.1 Crossbows
 - Level 0.1 Armour
 - Level 4.5 Dodging
 * Level 4.4 Stealth


You had 4 spell levels left.
You didn't know any spells.
Your spell library contained the following spells:

 Spells                   Type           Power        Failure   Level
 Magic Dart               Conj           #...         100%        1
 Blink                    Tloc           N/A          100%        2
 Call Imp                 Summ           #.......     100%        2
 Searing Ray              Conj           #.....       100%        2
 Slow                     Hex            #.......     100%        2
 Conjure Flame            Conj/Fire      #.......     100%        3
 Dazzling Flash           Conj/Hex       #.....       100%        3
 Mephitic Cloud           Conj/Pois/Air  #.......     100%        3
 Fulminant Prism          Conj/Hex       #.........   100%        4
 Iskenderun's Mystic Bla  Conj/Tloc      #.......     100%        4


Dungeon Overview and Level Annotations

Branches:
Dungeon (4/15)
 Temple: D:4-7

Altars:
Dithmenos
Elyvilon


Innate Abilities, Weirdness & Mutations

You are resistant to damage.
You can heal yourself by infusing magical energy.
You passively map a small area around you.
You do not regenerate.


Message History

You hit the phantom but do no damage. The phantom hits you.
You barely miss the phantom. The phantom hits you.
Your chain mail prevents you from hitting the phantom.
The phantom blinks!
The phantom blinks!
Found a stone staircase leading up.
m - 2 scrolls labeled RAIRUMAIFF (gained 1)
An ogre comes into view. It is wielding a +0 giant club.
The ogre shouts!
Throwing (i - inventory. (/) - cycle)
e - 10 boomerangs (quivered)
Press: ? - help, Shift-Dir - straight line, f - ogre
Aim: an ogre, wielding a +0 giant club You throw a boomerang.
The boomerang hits the ogre.
The ogre is lightly wounded.
You hit the ogre.
The ogre is lightly wounded.
The ogre hits you with a +0 giant club!
* * * LOW HITPOINT WARNING * * *
You fail to use your ability.
The ogre hits you with a +0 giant club!
You die...

..## ...# #. ..## ..
..## ##..# .#
>..###.... #.# **
#...#.....## .. *
##.........# *.# ,,
* ##.......## ###.#
* ##........####@O.#
,
#...<.....#...##...#
, #..........####
##....# #.......###
..## ###.....# * ..#
##...## ## ##..###
##..## #..##


You could see an ogre.

Vanquished Creatures
  2 orc wizards (D:3)
  A worker ant (D:4)
  3 adders (D:3)
  4 gnolls
  A white imp (D:4)
  3 worms
  2 dart slugs
  4 leopard geckos
  6 orcs (D:3)
  3 ball pythons
  8 bats
  4 giant cockroaches
  6 goblins
  3 hobgoblins
  2 quokkas (D:3)
  2 frilled lizards (D:1)
  8 kobolds
  9 rats
71 creatures vanquished.

Notes
Turn   | Place    | Note
-------+----------+-------------------------------------------
     0 | D:1      | somkeydreadnuts the Deep Dwarf Hunter began the quest for
                  | the Orb.
     0 | D:1      | Reached XP level 1. HP: 19/19 MP: 1/1
   294 | D:1      | Reached XP level 2. HP: 26/26 MP: 2/2
   529 | D:1      | Reached skill level 5 in Crossbows
   857 | D:1      | Reached XP level 3. HP: 17/32 MP: 3/3
  1196 | D:2      | Reached XP level 4. HP: 25/39 MP: 3/3
  1231 | D:2      | Found a white marble altar of Elyvilon.
  1454 | D:2      | Found a shadowy altar of Dithmenos.
  1475 | D:2      | Became a worshipper of Dithmenos the Shadowed
  2233 | D:3      | Reached XP level 5. HP: 22/45 MP: 4/4
  2249 | D:3      | Reached * piety under Dithmenos
  2392 | D:3      | Reached skill level 1 in Long Blades
  2882 | D:4      | Noticed a phantom
  3003 | D:4      | Noticed an ogre
  3007 | D:4      | Mangled by an ogre

Illustrated notes

Levels and vault maps discovered:
D:1:      ebering_trefoil_3fold, layout_basic, chequers_garden
D:2:      layout_loops_ring, lemuel_doored_altar, elyvilon_altar_3,
          serial_glass, glass_columns_a, glass_columns_c, glass_columns_b,
          glass_columns_a
D:3:      layout_basic
D:4:      layout_cave_pods, uniq_crazy_yiuf_cottage

Skill      XL: |  1  2  3  4  5 |
---------------+----------------+-----
Crossbows      | 5 |  5.1
Stealth        | 2 3 4 |  4.4
Dodging        | 3 4 |  4.5
Long Blades    | 1 |  1.2
Fighting       | |  1.8
Armour         | |  0.1

Action                   |  1- 3 |  4- 6 || total
-------------------------+-------+-------++-------
Melee: Short sword       |   111 |   104 ||   215
       Falchion          |       |   129 ||   129
 Fire: Hand crossbow     |     5 |       ||     5
Throw: Boomerang         |       |     2 ||     2
 Abil: Heal Wounds       |     1 |     2 ||     3
 Stab: Sleeping          |     1 |       ||     1
Armor: Leather armour    |    34 |       ||    34
       Chain mail        |       |    73 ||    73
Dodge: Dodged            |   132 |   166 ||   298
       Rpst.: Falchion   |       |    31 ||    31

Table legend: (Time is in decaauts)
 A = Elapsed time spent in this place.
 B = Non-inter-level travel time spent in this place.
 C = Inter-level travel time spent in this place.
 D = Time resting spent in this place.
 E = Time spent auto-exploring this place.
 F = Levels seen in this place.
 G = Mean time per level.
                   A        B        C        D        E       F      G
               +--------+--------+--------+--------+--------+-----+--------+
         Total |   3061 |   3045 |     16 |      0 |   1732 |   4 |  765.2 |
       Dungeon |   3061 |   3045 |     16 |      0 |   1732 |   4 |  765.2 |
               +--------+--------+--------+--------+--------+-----+--------+

Top non-repeatable levels by time:
     D:1: 1066 daAuts
     D:3: 862 daAuts
     D:2: 784 daAuts
     D:4: 348 daAuts
